 Dungeon Crawl Stone Soup version 0.19-a0-994-g3c636f0 (webtiles) character file.

16307 4thArraOfDagon the Grappler (level 12, -9/113 HPs)
             Began as a Troll Air Elementalist on July 15, 2016.
             Was a Priest of Hepliaklqana.
             Mangled by a cyan ugly thing (17 damage)
             ... on level 11 of the Dungeon.
             The game lasted 00:28:18 (4392 turns).

4thArraOfDagon the Grappler (TrAE)                  Turns: 4392, Time: 00:28:19

Health: -9/113     AC:  8    Str: 16 (17) XL:     12   Next: 8%
Magic:  24/24      EV: 12    Int: 14 (15) God:    Hepliaklqana [***...]
Gold:   530        SH:  0    Dex: 10      Spells: 3 memorised, 8 levels left

rFire  . . .     SeeInvis +       - Unarmed
rCold  + . .     Gourm    +     e - +1 robe {MR+}
rNeg   . . .     Faith    .     (no shield)
rPois  .         Spirit   .     (helmet restricted)
rElec  .         Dismiss  .     L - +1 cloak
rCorr  .         Reflect  .     (gloves unavailable)
SustAt .         Harm     .     (boots unavailable)
MR     +....                    (no amulet)
Stlth  +.........               A - ring "Ecawai Siec" {MP+9 Str-2 SInv} (curse)
                                Q - ring of protection from cold

@: somewhat resistant to hostile enchantments, very unstealthy
A: unfitting armour, claws 3, see invisible, deterioration 1, fast metabolism 3,
gourmand, low mp 1, mutation resistance 1, regeneration 2, shaggy fur 1, tough
skin 2
a: Recall Ancestor, Ancestor Identity, Transference, Renounce Religion


You were on level 11 of the Dungeon.
You worshipped Hepliaklqana.
Hepliaklqana was most pleased with you.
You were very full.

You visited 2 branches of the dungeon, and saw 12 of its levels.
You also visited: Bailey and Ice Cave.

You collected 530 gold pieces.

Inventory:

Hand Weapons
 u - a +0 giant spiked club
 G - a +2 falchion of flaming
Missiles
 r - 3 large rocks (quivered)
 z - a throwing net
Armour
 a - a +0 robe
 e - a +1 robe of magic resistance (worn)
 k - the +10 plate armour of Muvyqicy {rC++, unknown}
   (You found it on level 4 of the Dungeon)

   It greatly protects you from cold.
 w - a +0 cloak
 L - a +1 cloak (worn)
 M - a troll hide
 S - a +1 animal skin of cold resistance
Jewellery
 l - an uncursed ring of stealth
 A - the cursed ring "Ecawai Siec" (right claw) {MP+9 Str-2 SInv}
   (You found it in an ice cave)

   [ring of strength]

   It affects your strength (-2).
   It affects your magic capacity (+9).
   It lets you see invisible.
   It has a curse placed upon it.
 E - an uncursed ring of protection from magic
 Q - a ring of protection from cold (left claw)
Wands
 i - a wand of acid (8/15)
 o - a wand of random effects (36/48)
 y - a wand of flame (8/48)
 K - a wand of acid (4/15)
 P - a wand of slowing (20/48)
Scrolls
 f - 2 scrolls of magic mapping
 g - 4 scrolls of teleportation {unknown}
 h - a scroll of noise {unknown}
 j - 4 scrolls of remove curse {unknown}
 m - 2 scrolls of amnesia {unknown}
 n - a scroll of enchant armour {unknown}
 B - a scroll of fear {unknown}
 F - a scroll of holy word {unknown}
 O - 3 scrolls of torment {unknown}
Potions
 p - 2 potions of flight
 q - 2 potions of degeneration
 s - a potion of cure mutation
 t - 4 potions of might {unknown}
 v - 2 potions of brilliance
 x - 7 potions of curing {unknown}
 C - 2 potions of resistance
 D - a potion of experience {unknown}
 J - a potion of agility {unknown}
 N - 2 potions of cancellation {unknown}
Books
 b - a book of Air

   Spells                             Type                      Level
   a - Shock                          Conjuration/Air              1
   b - Swiftness                      Charms/Air                   2
   c - Repel Missiles                 Charms/Air                   2
   d - Static Discharge               Conjuration/Air              3
   e - Lightning Bolt                 Conjuration/Air              5
 d - a book of Ice

   Spells                             Type                      Level
   a - Ice Form                       Ice/Transmutation            4
   b - Metabolic Englaciation         Hexes/Ice                    5
   c - Ozocubu's Refrigeration        Ice                          6
   d - Bolt of Cold                   Conjuration/Ice              6
   e - Freezing Cloud                 Conjuration/Ice/Air          6
   f - Simulacrum                     Ice/Necromancy               6
 T - a book of Beasts

   Spells                             Type                      Level
   a - Summon Butterflies             Summoning                    1
   b - Call Canine Familiar           Summoning                    3
   c - Summon Ice Beast               Ice/Summoning                4
   d - Summon Mana Viper              Hexes/Summoning              5
   e - Summon Hydra                   Summoning                    7
Miscellaneous
 R - a phial of floods
Comestibles
 c - 9 bread rations
 H - 6 slices of pizza
 I - 3 meat rations


   Skills:
 + Level 5.7 Fighting
 + Level 6.3 Dodging
 - Level 1.1 Stealth
 * Level 13.8 Unarmed Combat
 - Level 1.2 Spellcasting
 - Level 0.6 Conjurations
 - Level 2.0 Air Magic
 + Level 8.6 Invocations


You had 8 spell levels left.
You knew the following spells:

 Your Spells              Type           Power        Failure   Level  Hunger
a - Shock                 Conj/Air       #...         17%         1    ##.....
b - Repel Missiles        Chrm/Air       #.....       30%         2    ###....
c - Swiftness             Chrm/Air       #.......     30%         2    ###....


Dungeon Overview and Level Annotations

Branches:
Dungeon (11/15)            Temple (1/1) D:4            Lair (0/6) D:10
    Orc: D:9-12

Altars:
Ashenzari
Cheibriados
Dithmenos
Elyvilon
Fedhas
Hepliaklqana
Kikubaaqudgha
Makhleb
Nemelex Xobeh
Okawaru
Pakellas
Qazlal
Ru
Sif Muna
Uskayaw
Xom
Yredelemnul
Zin
The Shining One
Beogh

Shops:
D:5 =

Annotations:
D:4 Duvessa
D:7 Sapher's ghost, novice TrTm


Innate Abilities, Weirdness & Mutations

You are too large for most types of armour.
You have claws for hands.
Your metabolism is lightning-fast.
You like to eat raw meat.
You heal very quickly.
You are covered in fur. (AC +1)
You have very tough skin. (AC +2)
You have supernaturally acute eyesight. (SInv)
Your body sometimes deteriorates upon taking damage.
Your magical capacity is low. (-10% MP)
You are somewhat resistant to further mutation.


Message History

The large rock completely misses the cyan ugly thing.
Centenhua barely misses the cyan ugly thing.
Centenhua hits the cyan ugly thing with a dagger of draining.
Unknown command.
Unknown command.
You claw the cyan ugly thing!
The cyan ugly thing is moderately wounded.
Unknown command.
You barely miss the cyan ugly thing.
The cyan ugly thing is moderately wounded.
The cyan ugly thing punches you! The cyan ugly thing shocks you!
* * * LOW HITPOINT WARNING * * *
Centenhua hits the cyan ugly thing with a dagger of draining.
Unknown command.
Unknown command.
Unknown command.
The cyan ugly thing punches you!
* * * LOW HITPOINT WARNING * * *
The cyan ugly thing shocks you!
You die...

#............,,,,,,,
#...........,,,,,,,,
#....(....#****,,,,, #..>......#
*,**** #.........# *,*
#.........#####.#
#...............#***
#..R...............,
#.u@..............,,
#..........####..#** #..........#
#..# #..........# #..#
#..........####..#
##############........).).....###
...÷...................))((......
...†.......####..####.....)..(###
#..######..# #..# #...###...#


You could see the friendly Centenhua the hexer and a cyan ugly thing.

Vanquished Creatures
  A frost giant (IceCv)
  A hydra (D:9)
  A death yak (IceCv)
  2 hill giants
  A manticore (D:11)
  2 centaur zombies
  A rime drake (IceCv)
  A troll (D:11)
  9 polar bears (IceCv)
  Prince Ribbit (D:9)
  A shadow (D:11)
  A wyvern (D:11)
  25 yaks
  A hungry ghost (D:10)
  A hippogriff (D:7)
  A porcupine (D:10)
  A sky beast (D:9)
  3 orc warriors
  2 black bears
  A necrophage (D:9)
  3 ogres
  7 wolves (IceCv)
  3 centaurs
  3 giant frogs (D:11)
  5 big kobolds
  An electric eel (D:10)
  A howler monkey (D:5)
  4 crimson imps
  A gnoll shaman (D:8)
  A hound (D:7)
  2 jellies
  3 orc priests
  A quasit (D:7)
  2 orc wizards
  A centaur skeleton (D:9)
  A giant frog skeleton (D:4)
  Jessica (D:2)
  An iguana (D:9)
  5 worker ants
  2 sheep (D:9)
  A hound zombie (D:9)
  2 hound skeletons
  Robin (D:4)
  11 gnolls
  6 adders
  2 river rats (D:10)
  12 white imps (D:11)
  3 giant geckos
  58 orcs
  A ball python (D:7)
  2 giant cockroaches (D:2)
  12 goblins
  4 hobgoblins
  A jackal (D:5)
  10 kobolds
  4 quokkas
  A bat (D:3)
  2 giant newts
  A jackal skeleton (D:4)
  A rat (D:2)
240 creatures vanquished.

Vanquished Creatures (collateral kills)
  A manticore (D:11)
  A polar bear (IceCv)
  3 yaks
  A water moccasin (D:9)
  A porcupine (D:10)
  An orc warrior (Bailey)
  A sky beast (D:5)
  An ogre (D:11)
  2 wolves (IceCv)
  A giant frog zombie (D:9)
  A crimson imp (D:7)
  2 hounds (D:9)
  A jelly (D:7)
  An iguana (D:9)
  A worker ant (D:10)
  An adder (D:8)
  2 giant geckos
  9 orcs
  A goblin (D:9)
  3 jackals (D:5)
  A giant gecko zombie (D:7)
  A giant newt (D:7)
  A kobold (D:11)
  A rat (D:10)
39 creatures vanquished.

Vanquished Creatures (others)
  A polar bear (IceCv)
  A wolf (IceCv)
  7 hexers
9 creatures vanquished.

Grand Total: 288 creatures vanquished

Notes
Turn   | Place    | Note
-------+----------+-------------------------------------------
     0 | D:1      | 4thArraOfDagon the Troll Air Elementalist began the quest for the Orb.
     0 | D:1      | Reached XP level 1. HP: 16/16 MP: 1/1
     0 | D:1      | ok lets win
    54 | D:2      | Reached skill level 1 in Unarmed Combat
    54 | D:2      | Reached XP level 2. HP: 15/24 MP: 2/2
    55 | D:2      | Reached skill level 2 in Unarmed Combat
    61 | D:2      | Reached XP level 3. HP: 24/31 MP: 3/3
    63 | D:2      | Reached skill level 3 in Unarmed Combat
   134 | D:2      | Found a deep blue altar of Sif Muna.
   134 | D:2      | Noticed Jessica
   144 | D:2      | Killed Jessica
   144 | D:2      | Reached XP level 4. HP: 25/39 MP: 4/4
   146 | D:2      | Found a blossoming altar of Fedhas.
   149 | D:2      | Found a glowing golden altar of the Shining One.
   152 | D:2      | Found an oddly glowing altar of Pakellas.
   387 | D:4      | Reached skill level 4 in Unarmed Combat
   391 | D:4      | Learned a level 2 spell: Repel Missiles
   394 | D:4      | Learned a level 2 spell: Swiftness
   422 | D:4      | Noticed Duvessa
   524 | D:4      | lol
   527 | D:4      | Got an ancient plate armour
   603 | D:4      | Found a staircase to the Ecumenical Temple.
   609 | Temple   | Entered the Ecumenical Temple
   633 | Temple   | Became a worshipper of Hepliaklqana
   721 | D:4      | Noticed Robin
   771 | D:4      | Reached XP level 5. HP: 12/45 MP: 0/5
   782 | D:4      | Killed Robin
   854 | D:5      | Entered Level 5 of the Dungeon
   862 | D:5      | Reached skill level 5 in Unarmed Combat
   880 | D:5      | Reached skill level 1 in Invocations
   907 | D:5      | Noticed a sky beast
   923 | D:5      | Killed a sky beast
   923 | D:5      | Reached XP level 6. HP: 51/53 MP: 6/6
   930 | D:5      | Gained mutation: Your body sometimes deteriorates upon taking damage. [mutagenic meat]
   933 | D:5      | Gained mutation: Your magical capacity is low. (-10% MP) [mutagenic meat]
   939 | D:5      | Gained mutation: You are somewhat resistant to further mutation. [mutagenic meat]
   942 | D:5      | Gained mutation: You have supernaturally acute eyesight. (SInv) [mutagenic meat]
   956 | D:5      | Found Xauf's Jewellery Boutique.
   993 | D:5      | Reached skill level 6 in Unarmed Combat
  1030 | D:5      | Found a hide-covered altar of Uskayaw.
  1075 | D:5      | Found a glowing silver altar of Zin.
  1204 | D:6      | Reached XP level 7. HP: 55/59 MP: 7/7
  1375 | D:7      | Reached skill level 7 in Unarmed Combat
  1398 | D:7      | Noticed Sapher's ghost (novice TrTm)
  1552 | D:7      | Noticed a hippogriff
  1560 | D:7      | Killed a hippogriff
  1569 | D:7      | Reached * piety under Hepliaklqana
  1665 | D:7      | Reached skill level 8 in Unarmed Combat
  1665 | D:7      | Reached XP level 8. HP: 64/67 MP: 8/8
  1719 | D:6      | Found a white marble altar of Elyvilon.
  1736 | D:6      | Found a snail-covered altar of Cheibriados.
  1978 | D:8      | Found a roughly hewn altar of Beogh.
  1979 | D:8      | Reached skill level 9 in Unarmed Combat
  2105 | D:9      | Reached ** piety under Hepliaklqana
  2106 | D:9      | Noticed Prince Ribbit
  2117 | D:9      | Killed Prince Ribbit
  2182 | D:9      | Reached skill level 5 in Invocations
  2213 | D:9      | Found a flagged portal.
  2221 | D:9      | Remembered your ancestor Centenhua as a hexer
  2226 | Bailey   | Entered a bailey
  2254 | Bailey   | HP: 3/100 [orc/war axe (6)]
  2363 | Bailey   | Reached skill level 10 in Unarmed Combat
  2363 | Bailey   | Reached XP level 9. HP: 33/74 MP: 10/10
  2537 | Bailey   | Noticed an orc knight
  2678 | D:9      | Reached skill level 1 in Fighting
  2784 | D:9      | Noticed a two-headed hydra
  2794 | D:9      | Killed a one-headed hydra
  2794 | D:9      | Reached skill level 11 in Unarmed Combat
  2855 | D:10     | Entered Level 10 of the Dungeon
  2869 | D:10     | Noticed a hill giant
  2907 | D:9      | Killed a hill giant
  2907 | D:9      | Reached XP level 10. HP: 65/88 MP: 12/12
  2973 | D:10     | Found a staircase to the Lair.
  2987 | D:10     | Noticed a hill giant
  3011 | D:10     | Killed a hill giant
  3207 | D:11     | Reached skill level 12 in Unarmed Combat
  3272 | D:11     | Noticed a manticore
  3281 | D:11     | Killed a manticore
  3291 | D:11     | Found a frozen archway.
  3326 | IceCv    | Entered an ice cave
  3420 | IceCv    | Reached XP level 11. HP: 96/99 MP: 12/13
  3427 | IceCv    | Reached skill level 5 in Dodging
  3569 | IceCv    | Noticed a death yak
  3580 | IceCv    | Killed a death yak
  3678 | IceCv    | Reached skill level 13 in Unarmed Combat
  3690 | IceCv    | Reached skill level 5 in Fighting
  3813 | IceCv    | Noticed a frost giant
  3853 | IceCv    | Killed a frost giant
  3992 | IceCv    | Got a warped ivory ring
  4033 | D:11     | Identified the cursed ring "Ecawai Siec" {MP+9 Str-2 SInv} (You found it in an ice cave)
  4182 | D:10     | Reached XP level 12. HP: 92/111 MP: 15/15
  4222 | D:8      | Reached *** piety under Hepliaklqana
  4392 | D:11     | Mangled by a cyan ugly thing

Vault maps used:
D:1:      shiori_arrival_whats_in_store_for_you
D:2:      lemuel_doored_altar, grunt_temple_overflow_cloverleaf, uniq_jessica
D:3:      overflow_temple_1_default, grunt_gozag_breadcrumbs,
          ecumenical_altar_1, minmay_snake_closets
D:4:      first_bread, uniq_robin, uniq_duvessa
D:5:      nicolae_overflow_crystal_walls, serial_shops, nicolae_shop_crystal,
          basic_altar
D:6:      kennysheep_mini_moat, kennysheep_mini
D:8:      special_room
D:9:      enter_bailey_3, hangedman_ranch, uniq_prince_ribbit1
D:10:     dpeg_lair_monsters, orc_0_dummy, minivault_4
D:11:     portal_ice_cave_entry_imps
Temple:   minmay_temple_bridge_abc
Bailey:   bailey_polearm_5, bailey
IceCv:    ice_cave_caverns_03

Skill      XL: |  1  2  3  4  5  6  7  8  9 10 11 |
---------------+----------------------------------+-----
Unarmed Combat | 1 2 3 4 5 6 8 10 11 12 13 | 13.8
Invocations    | 1 2 3 5 6 7 8 |  8.6
Dodging        | 3 4 6 |  6.3
Fighting       | 2 4 5 |  5.7
Stealth        | |  1.1
Spellcasting   | |  1.2
Conjurations   | |  0.6
Air Magic      | |  2.0

Action                   |  1- 3 |  4- 6 |  7- 9 | 10-12 || total
-------------------------+-------+-------+-------+-------++-------
Melee: Unarmed           |    33 |   114 |   290 |   354 ||   791
       Punch             |       |     1 |    11 |    27 ||    39
       Falchion          |       |       |     6 |       ||     6
Throw: Large rock        |       |     6 |    10 |     8 ||    24
 Cast: Shock             |       |     4 |       |       ||     4
       Repel Missiles    |       |     1 |       |       ||     1
Invok: Recall Ancestor   |       |     1 |     2 |     3 ||     6
       Ancestor Life: He |       |       |     1 |       ||     1
  Use: Scroll            |       |     1 |    10 |     1 ||    12
       Potion            |       |       |     6 |     3 ||     9
 Stab: Sleeping          |       |     2 |     2 |     1 ||     5
       Distracted        |       |       |     3 |     2 ||     5
       Confused          |       |       |     3 |     6 ||     9
  Eat: Chunk             |     4 |    17 |    15 |    20 ||    56
       Fruit             |       |       |     3 |       ||     3
Armor: Robe              |     7 |    72 |    71 |    90 ||   240
       Skin              |       |       |    49 |       ||    49
Dodge: Dodged            |    16 |    78 |   140 |   153 ||   387
       Deflected         |       |       |     3 |       ||     3
